Get step-by-step instructions on how to execute this build order below. Start the game timer, and the build order will tick by so you can play in parallel with StarCraft on a second screen or mobile device.

Game Time

  0:00

Last Step

  N/A

Next Step

Upcoming Step



Don't want to look back and forth between 2 screens? Try out our Overwolf App, the Spawning Tool Build Advisor to get an in-game overlay with this build!

Complete Build Order

  12  0:00  Drone  
  13  0:12  Overlord  
  13  0:16  Drone  
  14  0:30  Drone x2  
  16  0:43  Drone  
  17  0:51  Hatchery  
  17  0:54  Drone  
  17  0:57  Drone  
  18  1:08  Extractor  
  17  1:13  Spawning Pool  
  17  1:15  Drone  
  17  1:19  Drone  
  18  1:29  Drone  
  19  1:38  Drone  
  20  1:49  Overlord  
  20  1:59  Queen  
  22  2:02  Zergling x2  
  22  2:03  Drone, Queen  
  26  2:11  Zergling x2, Metabolic Boost  
  26  2:13  Drone  
  28  2:21  Zergling x2  
  29  2:24  Drone  
  30  2:32  Drone  
  30  2:35  Drone  
  32  2:38  Queen  
  34  2:46  Drone, Overlord  
  35  2:53  Hatchery  
  34  3:01  Zergling x2  
  34  3:03  Zergling x2  
  35  3:08  Queen  
  35  3:10  Drone x3  
  40  3:13  Overlord  
  40  3:17  Drone  
  41  3:26  Queen  
  41  3:30  Drone  
  41  3:33  Drone x3  
  47  3:39  Drone  
  48  3:42  Drone x4  
  52  3:51  Drone  
  52  4:02  Drone x2, Spore Crawler  
  51  4:04  Queen  
  51  4:06  Drone x4  
  51  4:08  Spore Crawler  
  56  4:11  Overlord  
  56  4:13  Drone  
  57  4:21  Overlord  
  57  4:29  Drone x6, Queen  
  65  4:41  Overlord  
  65  4:42  Drone x6  
  65  4:45  Evolution Chamber  
  70  4:52  Drone  
  71  4:53  Drone x2  
  73  5:00  Drone x4, Overlord  
  73  5:02  Hatchery  
  73  5:03  Extractor  
  73  5:04  Extractor  
  73  5:06  Roach Warren  
  73  5:10  Drone x3  
  76  5:15  Zerg Melee Weapons Level 1  
  76  5:18  Drone, Overlord  
  76  5:19  Drone x3  
  80  5:25  Drone x2  
  80  5:26  Overlord  
  79  5:32  Zergling x14  
  86  5:36  Lair  
  86  5:40  Zergling x6  
  89  5:44  Zergling x2  
  89  5:48  Spore Crawler  
  89  5:50  Zergling x4  
  89  5:54  Extractor, Drone  
  89  5:55  Drone x2  
  93  5:59  Overlord  
  93  6:02  Zergling x8  
  97  6:07  Overlord  
  97  6:08  Zergling x2  
  97  6:09  Zergling x6  
  101  6:13  Hatchery  
  101  6:16  Drone  
  101  6:17  Drone x2  
  100  6:22  Drone x5  
  105  6:27  Drone x2  
  106  6:36  Roach x6  
  117  6:43  Overlord  
  115  6:47  Drone x3  
  115  6:51  Overlord  
  115  6:52  Drone x5  
  123  6:55  Glial Reconstitution  
  123  6:56  Overlord  
  123  6:57  Ravager x3  
  123  6:58  Baneling Nest  
  123  6:59  Ravager x3  
  128  7:03  Zergling x12  
  128  7:05  Overlord  
  128  7:08  Drone x2  
  135  7:10  Extractor  
  135  7:14  Drone  
  136  7:16  Drone  
  136  7:18  Drone  
  136  7:21  Roach x4  
  146  7:29  Roach x8  
  161  7:34  Overlord  
  161  7:37  Drone x2  
  161  7:38  Drone  
  161  7:39  Extractor, Drone x2  
  161  7:40  Infestation Pit  
  161  7:41  Extractor  
  161  7:42  Drone  
  161  7:43  Drone x2  
  166  7:44  Evolution Chamber  
  166  7:49  Spore Crawler, Overlord  
  158  7:51  Extractor  
  158  7:52  Drone x9  
  158  7:54  Spore Crawler  
  158  7:55  Spore Crawler  
  158  7:56  Spore Crawler  
  158  7:57  Spore Crawler  
  154  7:58  Drone x3  
  154  7:59  Drone  
  154  8:05  Overlord  
  155  8:06  Zerg Melee Weapons Level 2  
  155  8:10  Spore Crawler  
  154  8:15  Zerg Missile Weapons Level 1, Centrifugal Hooks  
  154  8:16  Roach x8  
  154  8:17  Overlord  
  154  8:18  Overlord  
  170  8:23  Zergling x16  
  170  8:24  Hive  
  178  8:32  Spine Crawler  
  176  8:36  Zergling x20  
  176  8:37  Hatchery  
  184  8:42  Spine Crawler  
  181  8:50  Zergling x22  
  181  8:51  Zergling x10  
  196  9:04  Zergling x8  
  200  9:17  Baneling x12, Spine Crawler  
  200  9:18  Baneling x2, Spine Crawler x2  
  200  9:19  Spine Crawler  
  200  9:22  Pneumatized Carapace, Overseer x2  
  200  9:23  Hatchery  
  195  9:24  Baneling x21  
  194  9:32  Baneling x10  
  194  9:42  Viper  
  197  9:59  Zergling x2  
  197  10:00  Zergling x6  
  189  10:15  Zergling x24  
  189  10:19  Adrenal Glands  
  189  10:20  Zerg Missile Weapons Level 2  
  193  10:22  Zerg Melee Weapons Level 3  
  190  10:30  Zergling x2  
  190  10:31  Zergling x18  
  190  10:34  Ultralisk Cavern  
  195  10:43  Zergling x12  
  195  10:44  Overseer  
  190  11:00  Baneling x14  
  184  11:05  Zergling x30  
  199  11:12  Overseer  
  199  11:21  Spine Crawler x2  
  199  11:22  Chitinous Plating, Spine Crawler x2  
  191  11:32  Zergling x26  
  193  11:49  Zergling x26  
  193  11:51  Baneling  
  193  11:52  Baneling x28  
  193  11:55  Extractor x2  
  193  11:56  Drone x3  
  193  11:57  Drone x3  
  193  12:00  Drone x3  
  183  12:16  Ultralisk x2  
  183  12:17  Zergling x10  
  199  12:40  Anabolic Synthesis  
  199  12:43  Zergling x16  
  187  12:51  Zerg Ground Armor Level 1  
  187  12:53  Ultralisk x2  
  187  12:54  Zergling x2  
  187  12:55  Zergling x2  
  198  13:06  Zergling x2  
  198  13:09  Overseer x2  
  197  13:25  Zergling x6  
  194  13:39  Zergling x10  
  173  14:04  Spire  
  173  14:05  Ultralisk x4  
  173  14:07  Zergling x48, Roach x5  
  184  14:17  Zergling x6  
  184  14:21  Ravager x5  
  191  14:29  Baneling x27  
  180  14:32  Overlord x2  
  180  14:34  Zergling x18